 Dungeon Crawl Stone Soup version 0.30.0-19-g36f170ea60 (webtiles) character file.

Game seed: 18141814891323318633

327 Josd the Covert (level 6, 0/53 HPs)
             Began as a Gnoll Delver on May 31, 2023.
             Was a Believer of Zin.
             Killed by divine providence
             ... invoked by an orc priest
              (13 damage)
             ... on level 3 of the Dungeon.
             The game lasted 00:14:33 (3589 turns).

Josd the Covert (Gnoll Delver)                      Turns: 3589, Time: 00:14:33

Health: 0/53       AC:  4    Str: 13    XL:     6   Next: 50%
Magic:  9/9        EV: 18    Int:  9    God:    Zin [**....]
Gold:   177        SH:  0    Dex: 14    Spells: 9/9 levels left

rFire   . . .        a - +0 spear
rCold   . . .        (no shield)
rNeg    . . .        b - +0 leather armour
rPois   +            i - +1 hat
rElec   .            (no cloak)
rCorr   .            (no gloves)
SInv    .            (no boots)
Will    .....        o - amulet of faith
Stlth   ++++         w - +5 ring of evasion
HPRegen 0.28/turn    p - ring of poison resistance
MPRegen 0.11/turn

%: faith
@: no status effects
A: fangs 1, strong nose, distributed training
a: Renounce Religion, Recite, Vitalisation, Donate Gold


You were on level 3 of the Dungeon.
You worshipped Zin.
Zin was pleased with you.
You visited 1 branch of the dungeon, and saw 6 of its levels.

You collected 196 gold pieces.
You donated 19 gold pieces to Zin.

Inventory:

Hand Weapons
 a - a +0 spear (weapon)
Missiles
 A - 3 poisoned darts (quivered)
Armour
 b - a +0 leather armour (worn)
 i - a +1 hat (worn)
 l - a +0 ring mail
Jewellery
 d - a ring of wizardry
 o - an amulet of faith (around neck)
 p - a ring of poison resistance (right hand)
 w - a +5 ring of evasion (left hand)
Wands
 g - a wand of digging (4)
 y - a wand of light (8)
 z - a wand of polymorph (7)
Scrolls
 c - a scroll of fog
 e - a scroll of enchant weapon {unknown}
 k - a scroll of enchant armour {unknown}
 m - a scroll of teleportation
 n - a scroll of amnesia
 r - 2 scrolls of magic mapping
 s - 3 scrolls of identify
 t - a scroll of brand weapon {unknown}
 x - a scroll of butterflies {unknown}
 B - a scroll of torment {unknown}
Potions
 f - a potion of haste
 h - a potion of ambrosia {unknown}
 j - 2 potions of curing
 q - 3 potions of heal wounds {unknown}
 u - 2 potions of magic {unknown}
 v - a potion of might {unknown}


   Skills:
 + Level 6.9 Fighting
 + Level 2.1 Short Blades
 + Level 2.1 Long Blades
 + Level 2.1 Axes
 + Level 2.1 Maces & Flails
 + Level 5.0 Polearms
 + Level 2.1 Staves
 + Level 2.1 Ranged Weapons
 + Level 2.1 Throwing
 + Level 2.1 Armour
 + Level 5.0 Dodging
 + Level 9.8 Stealth
 + Level 2.1 Shields
 + Level 2.1 Unarmed Combat
 + Level 2.1 Spellcasting
 + Level 1.6 Conjurations
 + Level 1.6 Hexes
 + Level 1.6 Summonings
 + Level 1.6 Necromancy
 + Level 1.6 Translocations
 + Level 1.6 Transmutations
 + Level 1.6 Fire Magic
 + Level 1.6 Ice Magic
 + Level 1.6 Air Magic
 + Level 1.6 Earth Magic
 + Level 1.6 Poison Magic
 + Level 2.3 Invocations
 + Level 2.1 Evocations


You had 9 spell levels left.
You didn't know any spells.
Your spell library contained the following spells:

 Spells                   Type           Power      Damage    Failure   Level
 Blink                    Tloc           6%         N/A       32%         2
 Lesser Beckoning         Tloc           6%         N/A       32%         2
 Momentum Strike          Conj/Tloc      6%         3d8       32%         2


Dungeon Overview and Level Annotations

Branches:
Dungeon (6/15)             Temple (0/1) D:4

Altars:
Makhleb
Xom
Zin

Annotations:
D:4 Edmund, Robin


Innate Abilities, Weirdness & Mutations

You have very sharp teeth.
Your uncanny sense of smell can sniff out nearby items.
Your experience applies equally to all skills.


Message History

The orc priest closely misses you.
You hit the orc priest but do no damage.
The orc priest is lightly wounded.
You hit the orc priest but do no damage.
The orc priest is lightly wounded.
The orc priest invokes the aid of Beogh against you.
Pain shoots through your body!
You hit the orc priest.
The orc priest is moderately wounded.
The orc priest closely misses you.
You hit the orc priest.
The orc priest is moderately wounded.
The orc priest closely misses you.
You hit the orc priest.
The orc priest is moderately wounded.
The orc priest calls down the wrath of Beogh upon you.
Beogh smites you! The orc priest barely misses you.
You hit the orc priest.
You bite the orc priest, but do no damage.
The orc priest is heavily wounded.
The orc priest hits you with a +0 mace.
You hit the orc priest. You bite the orc priest.
The orc priest is heavily wounded.
The orc priest invokes the aid of Beogh against you.
Pain shoots through your body! The orc priest barely misses you.
You are too injured to fight recklessly!
You are too injured to fight recklessly!
You are too injured to fight recklessly!
You are too injured to fight recklessly!
You are too injured to fight recklessly!
You are too injured to fight recklessly!
You are too injured to fight recklessly!
You are too injured to fight recklessly!
You are too injured to fight recklessly!
The orc priest attacks as you move away!
The orc priest hits you with a +1 heavy hand axe!
* * * LOW HITPOINT WARNING * * *
The orc priest invokes the aid of Beogh against you.
Beogh smites you!
You die...

#.##..##...^............#
#.##.............###.#)<#
.................# #.#.##
.................# #.#.#
#.####...........# #.#.#
#.<..#...........# #.#.#
..)..............# #.#.#
.................# #.#..
................@###.############
..................o.o............
######...........###.##.......#
#...รท.......# #.##.......#
###########.....# #.##.......#
##...............# #.##.......#
##...............# #.#..........#
.#..............## #.#..........#
...........[.....###)#..........#


You could see 2 orc priests.

Vanquished Creatures
  Sigmund (D:3)
  An orc priest (D:3)
  6 adders
  A gnoll (D:1)
  An ufetubus (D:3)
  4 worms
  5 orcs (D:3)
  4 bats
  7 endoplasms
  2 giant cockroaches
  4 hobgoblins
  3 jackals (D:1)
  7 kobolds
  2 quokkas
  4 ball pythons
  4 frilled lizards
  5 goblins
  5 rats
66 creatures vanquished.

Notes
Turn   | Place    | Note
-------+----------+-------------------------------------------
     0 | D:5      | Reached skill level 9 in Stealth
     0 | D:5      | Josd the Gnoll Delver began the quest for the Orb.
     0 | D:5      | Reached XP level 1. HP: 23/23 MP: 1/1
     4 | D:6      | Noticed a hound
    11 | D:5      | Found a glowing silver altar of Zin.
    11 | D:5      | Noticed an angel
    13 | D:5      | Found a shimmering altar of Xom.
    18 | D:5      | Became a worshipper of Zin the Law-Giver
   160 | D:4      | Noticed Robin
   164 | D:4      | Noticed Edmund
   164 | D:4      | Noticed an iguana
   165 | D:4      | Noticed a lemure
   167 | D:4      | Noticed a lemure
   176 | D:4      | Found a staircase to the Ecumenical Temple.
   442 | D:3      | Reached XP level 2. HP: 28/29 MP: 2/2
   502 | D:2      | Reached * piety under Zin
   694 | D:1      | Reached XP level 3. HP: 34/35 MP: 3/3
   722 | D:1      | Reached skill level 1 in Invocations
   795 | D:1      | Found a faded altar of an unknown god.
  1507 | D:2      | Reached skill level 1 in Short Blades
  1507 | D:2      | Reached skill level 1 in Long Blades
  1507 | D:2      | Reached skill level 1 in Axes
  1507 | D:2      | Reached skill level 1 in Maces & Flails
  1507 | D:2      | Reached skill level 1 in Staves
  1507 | D:2      | Reached skill level 1 in Ranged Weapons
  1507 | D:2      | Reached skill level 1 in Throwing
  1507 | D:2      | Reached skill level 1 in Armour
  1507 | D:2      | Reached skill level 1 in Shields
  1507 | D:2      | Reached skill level 1 in Unarmed Combat
  1507 | D:2      | Reached skill level 1 in Spellcasting
  1507 | D:2      | Reached skill level 1 in Evocations
  1569 | D:2      | Reached XP level 4. HP: 38/41 MP: 5/5
  1582 | D:2      | Reached ** piety under Zin
  1791 | D:2      | Reached skill level 1 in Conjurations
  1791 | D:2      | Reached skill level 1 in Hexes
  1791 | D:2      | Reached skill level 1 in Summonings
  1791 | D:2      | Reached skill level 1 in Necromancy
  1791 | D:2      | Reached skill level 1 in Translocations
  1791 | D:2      | Reached skill level 1 in Transmutations
  1791 | D:2      | Reached skill level 1 in Fire Magic
  1791 | D:2      | Reached skill level 1 in Ice Magic
  1791 | D:2      | Reached skill level 1 in Air Magic
  1791 | D:2      | Reached skill level 1 in Earth Magic
  1791 | D:2      | Reached skill level 1 in Poison Magic
  1820 | D:2      | Found a burning altar of Makhleb.
  2109 | D:3      | Reached XP level 5. HP: 26/47 MP: 5/7
  2701 | D:3      | Noticed Sigmund
  2813 | D:3      | Killed Sigmund
  2814 | D:3      | Reached skill level 5 in Polearms
  2814 | D:3      | Reached skill level 5 in Dodging
  2814 | D:3      | Reached XP level 6. HP: 19/53 MP: 7/9
  3099 | D:3      | Reached *** piety under Zin
  3589 | D:3      | Killed from afar by an orc priest

Illustrated notes

Levels and vault maps discovered:
D:1:      amcnicky_arrival_gap_in_the_tavern_cellar, layout_basic,
          dilly_ecumenical_altar_fadedgnrine, fountainhead,
          chequers_serial_rivers_micro_e
D:2:      layout_loops_ring, basic_altar
D:3:      layout_basic, uniq_grinder, uniq_sigmund
D:4:      layout_cave_pools, minmay_temple_entry_mini_moons, enter_ossuary_5,
          nicolae_shop_dragon_depot, minmay_misc_feat_rugged, minmay_between,
          uniq_edmund, uniq_robin, uniq_pikel
D:5:      layout_basic, grunt_temple_overflow_order_and_chaos_1,
          mainiacjoe_overflow_small_starburst, kennysheep_mini, uniq_ijyb,
          uniq_eustachio
D:6:      layout_loops_ring, mainiacjoe_overflow_alcove_1, lemuel_tele_altar,
          st_stairs_11, minmay_misc_feat_room

Skill      XL: |  1  2  3  4  5 |
---------------+----------------+-----
Stealth        | |  9.8
Invocations    | 1 2 |  2.3
Short Blades   | 1 2 |  2.1
Long Blades    | 1 2 |  2.1
Axes           | 1 2 |  2.1
Maces & Flails | 1 2 |  2.1
Staves         | 1 2 |  2.1
Ranged Weapons | 1 2 |  2.1
Throwing       | 1 2 |  2.1
Armour         | 1 2 |  2.1
Shields        | 1 2 |  2.1
Unarmed Combat | 1 2 |  2.1
Spellcasting   | 1 2 |  2.1
Evocations     | 1 2 |  2.1
Conjurations   | 1 |  1.6
Hexes          | 1 |  1.6
Summonings     | 1 |  1.6
Necromancy     | 1 |  1.6
Translocations | 1 |  1.6
Transmutations | 1 |  1.6
Fire Magic     | 1 |  1.6
Ice Magic      | 1 |  1.6
Air Magic      | 1 |  1.6
Earth Magic    | 1 |  1.6
Poison Magic   | 1 |  1.6
Polearms       | 5 |  5.0
Dodging        | 5 |  5.0
Fighting       | |  6.9

Action                     |  1- 3 |  4- 6 || total
---------------------------+-------+-------++-------
  Melee: Spear             |    89 |   209 ||   298
         Bite              |     7 |    27 ||    34
         Punch             |     1 |       ||     1
  Throw: Dart              |     3 |     4 ||     7
    Use: Scroll            |     5 |     3 ||     8
         Potion            |     1 |       ||     1
   Stab: Sleeping          |    15 |    12 ||    27
         Distracted        |       |     3 ||     3
 Armour: Leather armour    |    17 |    15 ||    32
  Dodge: Dodged            |    46 |   115 ||   161
